 Dungeon Crawl Stone Soup version 0.30.1 (webtiles) character file.

Game seed: 15666553962493582421

398 Sanktem7 the Chopper (level 6, -7/56 HPs)
             Began as a Minotaur Fighter on July 11, 2023.
             Killed by divine providence
             ... invoked by an orc priest
              (9 damage)
             ... on level 4 of the Dungeon.
             The game lasted 00:03:28 (2028 turns).

Sanktem7 the Chopper (Minotaur Fighter)             Turns: 2028, Time: 00:03:29

Health: -7/56      AC:  7    Str: 22    XL:     6   Next: 53%
Magic:  5/5        EV:  9    Int:  5    God:
Gold:   94         SH:  5    Dex: 10    Spells: 5/5 levels left

rFire   . . .        a - +0 war axe {axe}
rCold   . . .        c - +0 buckler
rNeg    . . .        b - +0 scale mail
rPois   .            (helmet restricted)
rElec   .            (no cloak)
rCorr   .            (no gloves)
SInv    .            (no boots)
Will    .....        (no amulet) Stlth
                     (no ring)
HPRegen 0.29/turn    (no ring)
MPRegen 0.09/turn

%: no passive effects
@: attractive
A: horns 2, retaliatory headbutt
a: no special abilities


You were on level 4 of the Dungeon.
You visited 1 branch of the dungeon, and saw 3 of its levels.

You collected 94 gold pieces.


Innate Abilities, Weirdness & Mutations

You have a pair of horns on your head.
You reflexively headbutt those who attack you in melee.


   Skills:
 + Level 5.1 Fighting
 * Level 5.6 Axes
 + Level 5.1 Armour
 + Level 5.1 Shields


You had 5 spell levels left.
You didn't know any spells.
Your spell library was empty.

Inventory:

Hand Weapons
 a - a +0 war axe (weapon) {axe}
 t - a +0 flail of draining {mace}
   (You took it off an orc on level 4 of the Dungeon)
 u - a +1 vampiric whip {mace}
   (You found it on level 4 of the Dungeon)
Missiles
 o - 17 stones (quivered) {throwing}
 A - 2 curare-tipped darts {=fthrowing}
Armour
 b - a +0 scale mail (worn)
 c - a +0 buckler (worn)
 h - a +2 buckler
   (You found it on level 1 of the Dungeon)
 m - a +0 pair of gloves
   (You found it on level 1 of the Dungeon)
 z - an orb of wrath
   (You found it on level 4 of the Dungeon)
 B - a +2 pair of gloves
   (You found it on level 4 of the Dungeon)
Jewellery
 l - a ring of fire
   (You found it on level 1 of the Dungeon)
 p - a ring of flight
   (You found it on level 2 of the Dungeon)
 y - a ring of wizardry
   (You found it on level 4 of the Dungeon)
Scrolls
 g - a scroll of amnesia {unknown}
 i - a scroll of blinking {unknown}
 k - 3 scrolls of identify {unknown}
 q - a scroll of fog {unknown}
 s - a scroll of teleportation {unknown}
 v - a scroll of noise {unknown}
 w - a scroll of vulnerability {unknown}
 x - a scroll of magic mapping {unknown}
Potions
 d - a potion of might
 e - a potion of attraction {!q}
 f - 2 potions of curing {unknown}
 j - a potion of flight {unknown}
 n - 2 potions of berserk rage {unknown}
 r - 2 potions of magic {unknown}

Dungeon Overview and Level Annotations

Branches:
Dungeon (4/15) Zot: 15903
 Temple: D:4-7

Altars:
Ashenzari
Zin

.# #..>....#
.####.......#
....#.......# ###
###.#.......# ..#
.##.#.......# .. .
.##.#.......#
##'####'#
.##.####.####
##........
.........#
##.SS......
...#######
#..@o.SS... .###
##.##o####'# .#
#####...#..#
.########.......#..#
................####
#.####.....P....#
#.#..#...####..##
#.#..#...'..#...####
#.#)###..#..#......#


You could see an orc priest, an adder, an orc and 3 ball pythons.


Message History

The adder hisses angrily. 😮 HP[-17]
You take 17 damage, and now have 36/56 hp.
MASSIVE DAMAGE!! (PAUSE)
You miss the adder. You completely miss the adder.
The adder hisses angrily.
The adder closely misses you. You block the adder's attack.
The adder bites you but does no damage. The adder barely misses you.
You miss the adder. You barely miss the adder. The adder closely misses you.
The adder bites you but does no damage. The adder barely misses you.
You furiously retaliate!
You headbutt the adder!
An adder comes into view. 😮 HP[+1]
The adder hisses angrily.
You hit the adder. You slash the adder!
You kill the adder!
The adder bites you. x2
An orc comes into view. It is wielding a +0 club.
The orc priest hits you but does no damage. 😮 HP[-3]
You take 3 damage, and now have 34/56 hp.
You slash the adder!
You kill the adder!
You block the orc priest's attack.
An adder comes into view.
The adder barely misses you. You furiously retaliate!
You headbutt the adder.
The adder hisses angrily.
You slash the adder!
You kill the adder!
A ball python comes into view.
The orc priest closely misses you.
The orc drinks a potion.
The orc suddenly seems more resistant.
You block the adder's attack.
The ball python moves out of view. 😮 HP[+1]
You barely miss the adder. The adder bites you.
The orc priest hits you from afar with a +0 trident.
An orc comes into view. It is wielding a +0 club.
The orc priest looks encouraged for a moment.
You block the adder's attack.
The orc moves out of view. 😮 HP[-5]
You take 5 damage, and now have 30/56 hp.
You slash the adder!
You kill the adder!
You closely miss the adder. The adder closely misses you.
The orc priest invokes the aid of Beogh against you.
Pain shoots through your body!
* * * LOW HITPOINT WARNING * * *
The adder bites you but does no damage. 😨 HP[-10]
You take 10 damage, and now have 20/56 hp.
The orc shouts!
The adder bites you but does no damage. You block the orc priest's attack.
Things that are here:
an adder corpse; an adder corpse; 😨 HP[+1]
You completely miss the orc priest. You closely miss the adder.
You slash the adder! You closely miss the orc. The adder barely misses you.
The adder bites you but does no damage. The orc barely misses you.
You furiously retaliate!
You headbutt the orc!
You kill the orc!
The orc priest hits you with a +0 trident.
* * * LOW HITPOINT WARNING * * *
The adder barely misses you. You block the adder's attack. 😨 HP[-3]
You take 3 damage, and now have 18/56 hp.
The ball python hisses angrily.
You slash the orc priest! You hit the adder but do no damage.
You barely miss the adder.
The orc priest looks satisfied for a moment.
You block the adder's attack. The adder barely misses you.
You furiously retaliate!
You headbutt the adder.
You kill the adder!
A ball python comes into view.
The adder misses you. The orc priest closely misses you.
You barely miss the orc priest.
The ball python hisses angrily.
You hit the adder but do no damage.
A ball python comes into view.
The adder barely misses you.
The orc priest calls down the wrath of Beogh upon you.
Beogh smites you!
* * * LOW HITPOINT WARNING * * *
😱 HP[-7]
You take 7 damage, and now have 11/56 hp.
The ball python hisses angrily.
You hit the orc priest but do no damage.
You hit the adder. You hit the orc. The adder bites you but does no damage.
The orc barely misses you.
The orc priest hits you with a +0 trident!
* * * LOW HITPOINT WARNING * * *
The adder bites you.
* * * LOW HITPOINT WARNING * * *
😱 HP[-9]
You take 9 damage, and now have 2/56 hp.
Okay, then.
It was a potion of attraction.
You feel attractive to monsters.
The orc priest calls down the wrath of Beogh upon you.
Beogh smites you!
You die...

Skill      XL: |  1  2  3  4  5  6 |
---------------+-------------------+-----
Axes           | 3 4 5 |  5.6
Fighting       | 4 5 |  5.1
Armour         | 4 5 |  5.1
Shields        | 4 5 |  5.1

Action                     |  1- 3 |  4- 6 || total
---------------------------+-------+-------++-------
  Melee: War axe           |   107 |   103 ||   210
         Headbutt          |    16 |    12 ||    28
    Use: Potion            |       |     1 ||     1
 Armour: Scale mail        |    53 |    59 ||   112
  Dodge: Dodged            |    60 |    62 ||   122
  Block: Buckler           |    25 |    23 ||    48

Levels and vault maps discovered:
D:1:      wander_arrival_abandoned_jail, layout_loops_cross
D:2:      layout_loops_ring, serial_glass, glass_columns_a, glass_columns_b,
          basic_altar, uniq_robin
D:4:      corexii_shack_village, layout_loops_cross, lemuel_crystal_altar,
          mainiacjoe_overflow_brackets, minmay_snake_closets

Notes
Turn   | Place    | Note
-------+----------+-------------------------------------------
     0 | D:1      | Sanktem7 the Minotaur Fighter began the quest for the Orb.
     0 | D:1      | Reached XP level 1. HP: 19/19 MP: 0/0
     0 | D:1      | magus.rc [v1.9.6]
    21 | D:1      | Reached XP level 2. HP: 22/27 MP: 1/1
   108 | D:1      | Reached skill level 3 in Axes
   285 | D:1      | Reached skill level 4 in Fighting
   411 | D:1      | Reached skill level 4 in Armour
   411 | D:1      | Reached skill level 4 in Shields
   411 | D:1      | Reached XP level 3. HP: 33/33 MP: 2/2
  1084 | D:2      | You fall into a shaft and drop 2 floors!
  1091 | D:4      | Noticed a phantom
  1107 | D:4      | Killed a phantom
  1108 | D:4      | Reached skill level 4 in Axes
  1108 | D:4      | Reached XP level 4. HP: 33/41 MP: 3/3
  1151 | D:4      | Reached XP level 5. HP: 47/47 MP: 4/4
  1318 | D:4      | Found a glowing silver altar of Zin.
  1385 | D:4      | Reached skill level 5 in Axes
  1394 | D:4      | HP: 8/47 [iguana (7)]
  1396 | D:4      | Reached XP level 6. HP: 10/55 MP: 5/5
  1679 | D:4      | Found a broken altar of Ashenzari.
  1701 | D:4      | Reached skill level 5 in Fighting
  1701 | D:4      | Reached skill level 5 in Shields
  1895 | D:4      | Reached skill level 5 in Armour
  2026 | D:4      | HP: 11/56 [orc priest/divine providence (8)]
  2027 | D:4      | HP: 4/56 [orc priest/+0 trident (7)]
  2028 | D:4      | Killed from afar by an orc priest

Vanquished Creatures
  A phantom (D:4)
  2 howler monkeys (D:4)
  An iguana (D:4)
  2 orc wizards (D:4)
  7 adders (D:4)
  A worm (D:4)
  4 dart slugs
  5 orcs (D:4)
  2 bats (D:1)
  5 endoplasms
  6 giant cockroaches
  11 hobgoblins
  8 jackals (D:4)
  7 kobolds
  A quokka (D:4)
  13 ball pythons
  2 frilled lizards (D:2)
  7 goblins
  5 rats
90 creatures vanquished.

Table legend:
 A = Non-vault XP
 B = Vault XP
 C = Vault XP percentage of total XP
 D = Non-vault monster count
 E = Vault monster count
 F = Vault count percentage of total count
                 A         B        C        D         E       F
            +---------+---------+-------+---------+---------+-------
      Total |     488 |      81 |  14.2 |      77 |      13 |  14.4
            +---------+---------+-------+---------+---------+-------
        D:1 |      60 |       0 |   0.0 |      33 |       0 |   0.0
        D:2 |      24 |       0 |   0.0 |      14 |       0 |   0.0
        D:4 |     404 |      81 |  16.7 |      30 |      13 |  30.2
            +---------+---------+-------+---------+---------+-------

Skill      XL: |  1  2  3  4  5  6 |
---------------+-------------------+-----
Axes           | 3 4 5 |  5.6
Fighting       | 4 5 |  5.1
Armour         | 4 5 |  5.1
Shields        | 4 5 |  5.1

Action                     |  1- 3 |  4- 6 || total
---------------------------+-------+-------++-------
  Melee: War axe           |   107 |   103 ||   210
         Headbutt          |    16 |    12 ||    28
    Use: Potion            |       |     1 ||     1
 Armour: Scale mail        |    53 |    59 ||   112
  Dodge: Dodged            |    60 |    62 ||   122
  Block: Buckler           |    25 |    23 ||    48

Illustrated notes

Table legend:
 A = Kills in this place as a percentage of kills in the entire game.
 B = Kills by you in this place as a percentage of kills by you in the entire game.
 C = Kills by friends in this place as a percentage of kills by friends in the entire game.
 D = Other kills in this place as a percentage of other kills in the entire game.
 E = Experience gained in this place as a percentage of experience gained in the entire game.
 F = Experience gained in this place divided by the number of levels of this place that you have seen.
                   A       B       C       D       E      F
               +-------+-------+-------+-------+-------+----------------------
         Total | 100.0 | 100.0 |   N/A |   N/A | 100.0 | 189.7
       Dungeon | 100.0 | 100.0 |   N/A |   N/A | 100.0 | 189.7
               +-------+-------+-------+-------+-------+----------------------

Table legend: (Time is in decaauts)
 A = Elapsed time spent in this place.
 B = Non-inter-level travel time spent in this place.
 C = Inter-level travel time spent in this place.
 D = Time resting spent in this place.
 E = Time spent auto-exploring this place.
 F = Levels seen in this place.
 G = Mean time per level.
                   A        B        C        D        E       F      G
               +--------+--------+--------+--------+--------+-----+--------+
         Total |   2095 |   2053 |     42 |      0 |   1567 |   3 |  698.3 |
       Dungeon |   2095 |   2053 |     42 |      0 |   1567 |   3 |  698.3 |
               +--------+--------+--------+--------+--------+-----+--------+

Top non-repeatable levels by time:
     D:4: 977 daAuts
     D:1: 827 daAuts
     D:2: 290 daAuts
